 Dungeon Crawl Stone Soup version 0.27-a0-394-g49c82dfaf2 (webtiles) character file.

Game seed: 8087994667675830213

249 dickylongcocking the Grave Robber (level 5, -1/36 HPs)
             Began as a Mummy Necromancer on Feb 21, 2021.
             Was a Follower of Sif Muna.
             Slain by an ogre
             ... wielding a +0 giant club
              (19 damage)
             ... on level 4 of the Dungeon.
             The game lasted 00:04:07 (4497 turns).

dickylongcocking the Grave Robber (MuNe)            Turns: 4497, Time: 00:04:09

Health: -1/36      AC:  2    Str: 11    XL:     5   Next: 87%
Magic:  5/12       EV: 12    Int: 15    God:    Sif Muna [*.....]
Gold:   174        SH:  0    Dex: 13    Spells: 13/14 levels left

rFire    x . .     SeeInvis .   j - +0 flail
rCold    + . .     Faith    .   (no shield)
rNeg     + + +     Spirit   .   a - +0 robe
rPois    ∞         Reflect  .   (no helmet)
rElec    .         Harm     .   (no cloak)
rCorr    .         Rampage  .   (no gloves)
Will     .....                  (no boots)
Stlth    ++........             (no amulet)
HPRegen  0.12/turn              (no ring)
MPRegen  0.13/turn              (no ring)

@: very slightly contaminated
A: no potions, fire vulnerability, cold resistance 1, negative energy resistance
3, torment resistance, unbreathing
a: Renounce Religion, Channel Magic


You were on level 4 of the Dungeon.
You worshipped Sif Muna.
Sif Muna was aware of your devotion.
You visited 1 branch of the dungeon, and saw 4 of its levels.

You collected 174 gold pieces.

Inventory:

Hand Weapons
 d - a +0 short sword
 h - a +0 dagger
 i - a +0 club
 j - a +0 flail (weapon)
Armour
 a - a +0 robe (worn)
Scrolls
 b - 2 scrolls of random uselessness {unknown}
 c - 3 scrolls of identify {unknown}
 e - 4 scrolls of teleportation {unknown}
 f - a scroll of magic mapping {unknown}
 g - 3 scrolls of immolation {unknown}
 k - a scroll of enchant armour {unknown}


   Skills:
 * Level 0.8 Fighting
 * Level 0.6 Maces & Flails
 - Level 1.6 Dodging
 - Level 1.6 Stealth
 * Level 5.0 Spellcasting
 * Level 5.9 Necromancy


You had 13 spell levels left.
You knew the following spells:

 Your Spells              Type           Power        Failure   Level
a - Pain                  Necr           84%          1%          1

Your spell library contained the following spells:

 Spells                   Type           Power        Failure   Level
 Animate Skeleton         Necr           42%          1%          1
 Vampiric Draining        Necr           10%          4%          3
 Animate Dead             Necr           10%          14%         4
 Agony                    Necr           21%          36%         5


Dungeon Overview and Level Annotations

Branches:
Dungeon (4/15)
 Temple: D:4-7

Altars:
Fedhas
Makhleb
Okawaru
Sif Muna


Innate Abilities, Weirdness & Mutations

You do not drink.
Your flesh is vulnerable to fire.
You are immune to poison.
Your flesh is cold resistant. (rC+)
You are immune to negative energy. (rN+++)
You are immune to unholy pain and torment.
You can survive without breathing.


Message History

Press: ? - help, Shift-Dir - straight line, f/p - ogre
Aim: an ogre, wielding a +0 giant club (moderately wounded, chance to affect: 80%)
The ogre barely resists.
Casting: Pain (safe; 1% risk of failure)
Confirm with . or Enter, or press ? or * to list all spells.
Aiming: Pain (safe; 1% risk of failure)
Press: ? - help, Shift-Dir - straight line, f/p - ogre
Aim: an ogre, wielding a +0 giant club (moderately wounded, chance to affect: 80%)
The ogre writhes in agony.
Casting: Pain (safe; 1% risk of failure)
Confirm with . or Enter, or press ? or * to list all spells.
Aiming: Pain (safe; 1% risk of failure)
Press: ? - help, Shift-Dir - straight line, f/p - ogre
Aim: an ogre, wielding a +0 giant club (moderately wounded, chance to affect: 80%)
The ogre writhes in agony.
Casting: Pain (safe; 1% risk of failure)
Confirm with . or Enter, or press ? or * to list all spells.
Aiming: Pain (safe; 1% risk of failure)
Press: ? - help, Shift-Dir - straight line, f/p - ogre
Aim: an ogre, wielding a +0 giant club (heavily wounded, chance to affect: 80%)
The ogre writhes in agony.
The ogre hits you with a +0 giant club!!
Ouch! That really hurt!
Casting: Pain (safe; 1% risk of failure)
Confirm with . or Enter, or press ? or * to list all spells.
Aiming: Pain (safe; 1% risk of failure)
Press: ? - help, Shift-Dir - straight line, f/p - ogre
Aim: an ogre, wielding a +0 giant club (heavily wounded, chance to affect: 80%)
You miscast Pain.
You are very lightly contaminated with residual magic.
Nothing appears to happen.
Casting: Pain (safe; 1% risk of failure)
Confirm with . or Enter, or press ? or * to list all spells.
Aiming: Pain (safe; 1% risk of failure)
Press: ? - help, Shift-Dir - straight line, f/p - ogre
Aim: an ogre, wielding a +0 giant club (heavily wounded, chance to affect: 80%)
The ogre writhes in agony.
The ogre hits you with a +0 giant club!!
Ouch! That really hurt!
You die...

.# #.# ## #.#
# # #.## #.#
.#.#.#.8###.#
......?..##.#
..!...O@.##.#
.#.#.#.8....##
# ###.....#
... ###
#.###.###...#
... #.#
#.....# #.#
#.###.###.....
#.# #...).#
#.# #.#
####)## #.#
#.#


You could see an ogre.

Vanquished Creatures
  An orc priest (D:3)
  7 gnolls
  4 adders
  A white imp (D:3)
  An ooze (D:3)
  4 worms
  4 dart slugs
  A leopard gecko (D:1)
  2 orcs (D:3)
  6 giant cockroaches
  8 goblins
  3 hobgoblins
  8 jackals
  3 quokkas
  11 bats
  7 frilled lizards
  6 kobolds
  12 rats
89 creatures vanquished.

Vanquished Creatures (others)
  9 fungi (D:4)
9 creatures vanquished.

Grand Total: 98 creatures vanquished

Notes
Turn   | Place    | Note
-------+----------+-------------------------------------------
     0 | D:1      | dickylongcocking the Mummy Necromancer began the quest for
                  | the Orb.
     0 | D:1      | Reached XP level 1. HP: 13/13 MP: 4/4
   234 | D:1      | Reached XP level 2. HP: 12/19 MP: 0/5
   386 | D:1      | You fall into a shaft and drop 1 floor!
   541 | D:2      | Reached XP level 3. HP: 20/24 MP: 2/7
   798 | D:2      | Reached skill level 5 in Necromancy
  1211 | D:1      | Reached XP level 4. HP: 27/30 MP: 5/9
  2779 | D:3      | Found a burning altar of Makhleb.
  2779 | D:3      | Found a blossoming altar of Fedhas.
  2780 | D:3      | Found a shimmering blue altar of Sif Muna.
  3083 | D:3      | Became a worshipper of Sif Muna the Loreminder
  3152 | D:3      | Found an iron altar of Okawaru.
  3330 | D:3      | Reached XP level 5. HP: 35/35 MP: 9/11
  3655 | D:3      | Reached * piety under Sif Muna
  4407 | D:4      | Reached skill level 5 in Spellcasting
  4488 | D:4      | Noticed an ogre
  4497 | D:4      | Slain by an ogre

Illustrated notes

Levels and vault maps discovered:
D:1:      dpeg_arrival_signposts, layout_basic
D:2:      layout_basic
D:3:      layout_basic, chequers_temple_overflow_statue_of_worship,
          grunt_ministairs_8, okawaru_metal_pillars_1_2
D:4:      minmay_chambers_of_twos, layout_loops_corners, minitemple,
          minmay_temple_entry_overgrown, serial_aquarium,
          aquarium_bridge_straight [aquarium_subvault_bridge,
          aquarium_subvault_window, aquarium_subvault_bridge,
          aquarium_subvault_wall], aquarium_window_corner,
          aquarium_window_corridor_1, aquarium_window_corner,
          aquarium_window_fake, aquarium_view_2a, aquarium_balcony_3b,
          dk_noncrumbling_3

Skill      XL: |  1  2  3  4  5 |
---------------+----------------+-----
Spellcasting   | 3 4 5 |  5.0
Necromancy     | 5 |  5.9
Fighting       | |  0.8
Maces & Flails | |  0.6
Dodging        | |  1.6
Stealth        | |  1.6

Action                   |  1- 3 |  4- 6 || total
-------------------------+-------+-------++-------
Melee: Unarmed           |    11 |     8 ||    19
       Flail             |       |    15 ||    15
       Club              |       |     3 ||     3
       Short sword       |       |     3 ||     3
 Cast: Pain              |    57 |   132 ||   189
Armor: Robe              |     1 |    13 ||    14
Dodge: Dodged            |    19 |    58 ||    77

Table legend: (Time is in decaauts)
 A = Elapsed time spent in this place.
 B = Non-inter-level travel time spent in this place.
 C = Inter-level travel time spent in this place.
 D = Time resting spent in this place.
 E = Time spent auto-exploring this place.
 F = Levels seen in this place.
 G = Mean time per level.
                   A        B        C        D        E       F      G
               +--------+--------+--------+--------+--------+-----+--------+
         Total |   4504 |   4356 |    148 |    969 |   2816 |   4 | 1126.0 |
       Dungeon |   4504 |   4356 |    148 |    969 |   2816 |   4 | 1126.0 |
               +--------+--------+--------+--------+--------+-----+--------+

Top non-repeatable levels by time:
     D:2: 1694 daAuts
     D:1: 1471 daAuts
     D:3: 1132 daAuts
     D:4: 206 daAuts
